 Dungeon Crawl Stone Soup version 0.29.0-4-gdea44cf6ec (webtiles) character file.

Game seed: 5373845371629497165

11043 qw the Severer (level 11, -3/99 HPs)
             Began as a Minotaur Fighter on Sept 5, 2022.
             Was a Follower of Ru.
             Slain by Snorg (16 damage)
             ... on level 10 of the Dungeon.
             The game lasted 00:04:23 (11215 turns).

qw the Severer (Minotaur Fighter)                  Turns: 11215, Time: 00:04:24

Health: -3/99      AC: 22    Str: 24    XL:     11   Next: 44%
Magic:  10/10      EV:  8    Int: 10    God:    Ru [*.....]
Gold:   809        SH:  5    Dex: 13    Spells: 10/10 levels left

rFire   + . .      SeeInvis .   b - +2 war axe (vamp)
rCold   + + .      Faith    .   c - +0 buckler
rNeg    . . .      Spirit   .   m - +9 chain mail of the Endless Expanse {rF+ rC++ Dex+4 Stlth-}
rPois   +          Reflect  .   (helmet restricted)
rElec   .          Harm     .   h - +0 cloak
rCorr   .          Rampage  .   (no gloves)
Will    ++++.                   f - +0 pair of boots
Stlth   ..........              (no amulet)
HPRegen 0.26/turn               l - ring of Tulips {rPois Will+++ Str-2 Int+5 Slay-2}
MPRegen 0.12/turn               (no ring)

@: no status effects
A: horns 2, inability to train dodging, retaliatory headbutt, strong-willed 1,
mutation resistance 1
a: Renounce Religion


You were on level 10 of the Dungeon.
You worshipped Ru.
Ru was aware of your devotion.
You visited 2 branches of the dungeon, and saw 11 of its levels.

You collected 1397 gold pieces.
You spent 588 gold pieces at shops.


Innate Abilities, Weirdness & Mutations

You have a pair of horns on your head.
You cannot train Dodging skill.
You reflexively headbutt those who attack you in melee.
You are strong-willed. (Will+)
You are somewhat resistant to further mutation.


   Skills:
 - Level 10.1 Fighting
 - Level 17.1 Axes
 - Level 2.4 Throwing
 + Level 7.0 Armour
 - Level 6.1 Shields


You had 10 spell levels left.
You didn't know any spells.
Your spell library was empty.

Inventory:

Hand Weapons
 b - a +2 vampiric war axe (weapon)
 i - a +0 morningstar
Missiles
 g - 9 boomerangs (quivered)
Armour
 c - a +0 buckler (worn)
 f - a +0 pair of boots (worn)
 h - a +0 cloak (worn)
 m - the +9 chain mail of the Endless Expanse (worn) {rF+ rC++ Dex+4 Stlth-}
   (You found it on level 6 of the Dungeon)

   Dex:       It affects your dexterity (+4).
   rF:        It protects you from fire.
   rC:        It greatly protects you from cold.
   Stlth:     It makes you less stealthy.
Jewellery
 l - the ring of Tulips (left hand) {rPois Will+++ Str-2 Int+5 Slay-2}
   (You found it on level 3 of the Dungeon)

   [ring of poison resistance]

   Str:       It affects your strength (-2).
   Int:       It affects your intelligence (+5).
   Slay:      It affects your accuracy & damage with ranged weapons and melee
   (-2).
   rPois:     It protects you from poison.
   Will:      It greatly increases your willpower.
 n - a ring of poison resistance
Scrolls
 a - a scroll of identify
 p - 2 scrolls of brand weapon
 q - 3 scrolls of teleportation
 r - a scroll of enchant weapon {unknown}
Potions
 d - a potion of might
 e - 2 potions of curing
 j - a potion of mutation
 k - a potion of cancellation
 o - a potion of haste

Dungeon Overview and Level Annotations

Branches:
Dungeon (10/15)            Temple (1/1) D:7            Lair (0/5) D:9
    Orc: D:9-12

Altars:
Cheibriados
Elyvilon
Gozag
Hepliaklqana
Kikubaaqudgha
Okawaru
Qazlal
Ru
Trog
Uskayaw
Yredelemnul

Shops:
D:8 *:(

Annotations:
D:10 Snorg


Message History

The hellwing swoops through the air toward you!
The hellwing closely misses you.
The hellwing hits you but does no damage.
You barely miss Snorg.
Snorg is severely wounded.
You hit the hellwing but do no damage. The hellwing hits you!
The hellwing closely misses you. You block Snorg's attack. Snorg claws you.
Snorg claws you but does no damage.
You closely miss Snorg. Your headbutt misses Snorg.
Snorg is severely wounded.
You hit the hellwing but do no damage. Snorg closely misses you.
You furiously retaliate!
You headbutt Snorg! Snorg claws you! Snorg barely misses you.
The hellwing hits you! The hellwing barely misses you.
You barely miss Snorg. You headbutt Snorg!
Snorg is almost dead.
You hit the hellwing but do no damage.
An orc zombie comes into view.
You slash Snorg!
You feel better.
Snorg is almost dead.
You hit the hellwing but do no damage.
Snorg goes berserk!
The hellwing closely misses you. You furiously retaliate!
You headbutt the hellwing, but do no damage.
The hellwing hits you but does no damage.
You hit Snorg.
Snorg is almost dead.
You hit the hellwing but do no damage. Snorg bites you!!
You block Snorg's attack. Snorg claws you but does no damage.
You block the hellwing's attack.
The hellwing hits you but does no damage.
You barely miss Snorg.
Snorg is almost dead.
You hit the hellwing. Snorg bites you.
Snorg claws you. x2; The hellwing hits you!
The hellwing barely misses you.
You barely miss Snorg.
Snorg is almost dead.
You hit the hellwing but do no damage. Snorg bites you!
Snorg claws you but does no damage. Snorg claws you!
You die...

#.}.7##.##..
.##
#.....#.#..#
....
#.......#.##
.....
#######.###...#
.$...#
#.......#...###
....ZZ#
#.#####...###
...Z8.)## #.#
#..###
......).###.#
#.##
Z..Z.##)T@).#
... ...
####4.##.## .
#.>... #######


You could see Snorg (berserk), a hellwing and 3 orc zombies.

Vanquished Creatures
  2 two-headed ogres
  A sun demon (D:10)
  5 gargoyles
  An orange demon (D:10)
  An ice devil (D:10)
  A red devil (D:10)
  A troll (D:10)
  3 shadows
  A wyvern (D:7)
  15 yaks (D:9)
  A neqoxec (D:10)
  A chaos spawn (D:10)
  Duvessa (D:6)
  2 water moccasins
  An orc warrior (D:8)
  5 ice beasts
  A sky beast (D:6)
  An ogre (D:6)
  3 kobold brigands
  2 phantoms (D:5)
  6 bullfrogs
  A necrophage (D:6)
  5 scorpions
  4 wights (D:9)
  Dowan (D:6)
  12 killer bees
  A quasit (D:10)
  5 hounds
  2 jellies
  6 orc priests
  10 orc wizards
  4 iguanas
  3 ogre zombies (D:10)
  3 gnolls (D:6)
  6 adders
  A shadow imp (D:5)
  2 white imps
  A worm (D:9)
  2 dart slugs (D:1)
  28 orcs
  8 endoplasms
  10 goblins
  6 hobgoblins
  13 kobolds
  9 quokkas
  6 ball pythons
  4 bats
  3 frilled lizards
  A goblin zombie (D:10)
  A hobgoblin skeleton (D:10)
  3 hobgoblin zombies (D:10)
  3 orc skeletons (D:10)
  6 orc zombies (D:10)
  11 rats
236 creatures vanquished.

Vanquished Creatures (others)
  A quokka (D:6)
  4 demonic plants (D:10)
5 creatures vanquished.

Grand Total: 241 creatures vanquished

Notes
Turn   | Place    | Note
-------+----------+-------------------------------------------
     0 | D:1      | qw the Minotaur Fighter began the quest for the Orb.
     0 | D:1      | Reached XP level 1. HP: 19/19 MP: 0/0
     0 | D:1      | 0 ||| qw: Version: 0.1-a-104-g96f76f8
     0 | D:1      | 0 ||| qw: Game counter: 5850
     0 | D:1      | 0 ||| qw: Always use a shield: true
     0 | D:1      | 0 ||| qw: God list: Ru
     0 | D:1      | 0 ||| qw: Allow faded altars: false
     0 | D:1      | 0 ||| qw: Do Orc after D:15 true
     0 | D:1      | 0 ||| qw: Do second Lair branch before Depths: true
     0 | D:1      | 0 ||| qw: Lair rune preference: random
     0 | D:1      | 0 ||| qw: Plans: Normal
     0 | D:1      | 0 ||| PLANNING D:1-11
   157 | D:1      | Reached skill level 3 in Axes
   241 | D:1      | Reached XP level 2. HP: 26/26 MP: 1/1
   429 | D:1      | Reached skill level 4 in Axes
   624 | D:1      | Reached XP level 3. HP: 29/31 MP: 2/2
   848 | D:1      | Found a faded altar of an unknown god.
  1150 | D:1      | 1150 ||| UPGRADING to +0 pair of boots.
  1155 | D:1      | 1155 ||| UPGRADING to +0 cloak.
  1160 | D:1      | 1160 ||| DROPPING scarf of shadows.
  1161 | D:1      | 1161 ||| READING 2 scrolls labelled ITHIMI DIZOPS.
  1209 | D:2      | 1209 ||| Stepping ~*~*~tactically~*~*~ (stealth).
  1210 | D:2      | 1210 ||| Stepping ~*~*~tactically~*~*~ (stealth).
  1229 | D:2      | 1229 ||| DROPPING +0 club.
  1384 | D:2      | Found a hide-covered altar of Uskayaw.
  1655 | D:2      | Reached skill level 5 in Axes
  2093 | D:2      | 2093 ||| READING scroll labelled ADWUZXECOT.
  2094 | D:2      | 2094 ||| READING 2 scrolls labelled UCZUGU YMUAPS.
  2095 | D:2      | 2095 ||| DROPPING scroll of magic mapping.
  2138 | D:3      | You fall into a shaft and drop 1 floor!
  2156 | D:4      | Noticed a scorpion
  2167 | D:4      | Killed a scorpion
  2168 | D:4      | Reached XP level 4. HP: 15/39 MP: 3/3
  2334 | D:4      | 2334 ||| Stepping ~*~*~tactically~*~*~ (stealth).
  2470 | D:4      | Noticed a scorpion
  2471 | D:4      | Reached XP level 5. HP: 38/45 MP: 4/4
  2480 | D:4      | Reached skill level 6 in Axes
  2680 | D:4      | 2680 ||| READING 2 scrolls of identify.
  2680 | D:4      | 2680 ||| IDENTIFYING silvery potion
  2688 | D:4      | 2688 ||| Stepping ~*~*~tactically~*~*~ (stealth).
  2752 | D:3      | Identified the ring of Tulips {rPois Will+++ Str-2 Int+5
                  | Slay-2}
  2824 | D:3      | 2824 ||| Stepping ~*~*~tactically~*~*~ (stealth).
  2947 | D:3      | Reached XP level 6. HP: 51/51 MP: 5/5
  3056 | D:3      | 3056 ||| UPGRADING to ring of Tulips {rPois Will+++ Str-2
                  | Int+5 Slay-2}.
  3057 | D:3      | 3057 ||| READING scroll labelled MOMAOV ZEGIA.
  3058 | D:3      | 3058 ||| READING 4 scrolls of identify.
  3058 | D:3      | 3058 ||| IDENTIFYING fizzy emerald potion
  3059 | D:3      | 3059 ||| READING 3 scrolls of identify.
  3059 | D:3      | 3059 ||| IDENTIFYING cyan potion
  3060 | D:3      | 3060 ||| READING 2 scrolls of identify.
  3060 | D:3      | 3060 ||| IDENTIFYING sedimented ruby potion
  3061 | D:3      | 3061 ||| DROPPING potion of degeneration.
  3062 | D:3      | 3062 ||| DROPPING potion of invisibility.
  3076 | D:4      | Reached skill level 7 in Axes
  3076 | D:4      | 3076 ||| STAIRDANCE
  3293 | D:4      | Found an iron altar of Okawaru.
  3447 | D:4      | 3447 ||| READING scroll labelled WUMEBR PAPTA.
  3450 | D:4      | 3450 ||| DRINKING 2 fuming green potions.
  3477 | D:4      | 3477 ||| DROPPING potion of lignification.
  3499 | D:5      | Entered Level 5 of the Dungeon
  3555 | D:5      | Reached skill level 8 in Axes
  3716 | D:5      | Reached XP level 7. HP: 51/59 MP: 6/6
  3889 | D:5      | Reached skill level 9 in Axes
  4262 | D:5      | Reached skill level 10 in Axes
  4262 | D:5      | Reached XP level 8. HP: 65/68 MP: 7/7
  4523 | D:5      | 4523 ||| UPGRADING to +0 chain mail.
  4533 | D:5      | 4533 ||| DROPPING +0 scale mail.
  4534 | D:5      | 4534 ||| READING scroll labelled AZXIFE URAFIG.
  4535 | D:5      | 4535 ||| READING 3 scrolls labelled KORAISS TYFYOD.
  4536 | D:5      | 4536 ||| READING scroll labelled TOIROASA GUDU.
  4536 | D:5      | Identified a scroll of acquirement
  4536 | D:5      | 4536 ||| ACQUIRING 880 gold pieces
  4536 | D:5      | Acquired 880 gold pieces
  4538 | D:5      | 4538 ||| DROPPING 2 scrolls of immolation.
  4582 | D:6      | 4582 ||| Stepping ~*~*~tactically~*~*~ (stealth).
  4584 | D:6      | 4584 ||| Stepping ~*~*~tactically~*~*~ (stealth).
  4733 | D:6      | Noticed Duvessa
  4734 | D:6      | 4734 ||| Stepping ~*~*~tactically~*~*~ (stealth).
  4775 | D:6      | Noticed Dowan
  4780 | D:6      | 4780 ||| Stepping ~*~*~tactically~*~*~ (stealth).
  4786 | D:6      | Killed Dowan
  4787 | D:6      | Reached skill level 6 in Fighting
  4795 | D:6      | HP: 17/70 [Duvessa/+0 short sword (3)]
  4796 | D:6      | 4796 ||| READING 2 scrolls of teleportation.
  4796 | D:6      | HP: 4/70 [Duvessa/+0 short sword (14)]
  4798 | D:6      | HP: 1/70 [Duvessa/+0 short sword (3)]
  5180 | D:6      | 5180 ||| Stepping ~*~*~tactically~*~*~ (stealth).
  5188 | D:6      | Killed Duvessa
  5204 | D:6      | Reached skill level 11 in Axes
  5285 | D:6      | Found a white marble altar of Elyvilon.
  5288 | D:6      | HP: 17/70 [poisoned by a kobold brigand]
  5289 | D:6      | 5289 ||| READING 2 scrolls of teleportation.
  5293 | D:6      | HP: 13/70 [poisoned by a kobold brigand]
  5772 | D:6      | HP: 13/70 [gnoll/+0 halberd (9)]
  5773 | D:6      | 5773 ||| READING scroll of teleportation.
  5773 | D:6      | HP: 2/70 [gnoll/+0 halberd (11)]
  6335 | D:6      | Identified the +9 chain mail of the Endless Expanse {rF+
                  | rC++ Dex+4 Stlth-}
  6348 | D:6      | 6348 ||| UPGRADING to +9 chain mail of the Endless Expanse
                  | {rF+ rC++ Dex+4 Stlth-}.
  6358 | D:6      | 6358 ||| DROPPING +0 chain mail.
  6359 | D:6      | 6359 ||| READING scroll labelled MOINAD JICUDIGGYA.
  6360 | D:6      | 6360 ||| READING 2 scrolls of identify.
  6360 | D:6      | 6360 ||| IDENTIFYING lumpy silvery potion
  6361 | D:6      | 6361 ||| DROPPING potion of flight.
  6378 | D:7      | Reached skill level 1 in Throwing
  6412 | D:7      | 6412 ||| Stepping ~*~*~tactically~*~*~ (hiding).
  6472 | D:7      | Reached skill level 12 in Axes
  6472 | D:7      | Reached XP level 9. HP: 75/75 MP: 8/8
  6474 | D:7      | 6474 ||| Stepping ~*~*~tactically~*~*~ (stealth).
  6502 | D:7      | Found a staircase to the Ecumenical Temple.
  6503 | D:7      | 6503 ||| PLANNING TEMPLE
  6519 | Temple   | Entered the Ecumenical Temple
  6526 | Temple   | Became a worshipper of Ru the Awakened
  6532 | Temple   | 6532 ||| PLANNING D:1-11
  6734 | D:7      | Reached skill level 3 in Dodging
  6796 | D:7      | 6796 ||| Stepping ~*~*~tactically~*~*~ (stealth).
  6798 | D:7      | 6798 ||| Stepping ~*~*~tactically~*~*~ (hiding).
  6853 | D:7      | 6853 ||| DROPPING +0 whip.
  7066 | D:7      | Found a basalt altar of Yredelemnul.
  7068 | D:7      | Found a hide-covered altar of Uskayaw.
  7095 | D:7      | 7095 ||| READING scroll labelled TUPRIRPHIYZ.
  7135 | D:8      | 7135 ||| Stepping ~*~*~tactically~*~*~ (stealth).
  7181 | D:8      | Found a flagged portal.
  7185 | D:8      | Found Pulaoto's Weapon Shoppe.
  7194 | D:8      | 7194 ||| BUYING +0 morningstar (48 gold).
  7194 | D:8      | Bought a +0 morningstar for 48 gold pieces
  7194 | D:8      | 7194 ||| DROPPING +0 flail.
  7283 | D:8      | Found Qukusats's Book Shop.
  7490 | D:8      | Reached skill level 13 in Axes
  7544 | D:8      | Noticed a gargoyle
  7560 | D:8      | Killed a gargoyle
  7653 | D:8      | Noticed a gargoyle
  7656 | D:8      | Killed a gargoyle
  7747 | D:8      | Noticed a gargoyle
  7757 | D:8      | Killed a gargoyle
  7944 | D:8      | Noticed a gargoyle
  7968 | D:8      | Killed a gargoyle
  7969 | D:8      | Reached XP level 10. HP: 35/88 MP: 9/9
  8376 | D:8      | Found Ruzush's General Store.
  8379 | D:8      | Noticed a two-headed ogre
  8387 | D:8      | 8387 ||| Stepping ~*~*~tactically~*~*~ (stealth).
  8388 | D:8      | 8388 ||| FLEEEEING.
  8389 | D:8      | 8389 ||| FLEEEEING.
  8390 | D:8      | 8390 ||| FLEEEEING.
  8391 | D:8      | 8391 ||| FLEEEEING.
  8392 | D:8      | 8392 ||| FLEEEEING.
  8393 | D:8      | 8393 ||| FLEEEEING.
  8394 | D:8      | 8394 ||| FLEEEEING.
  8395 | D:8      | 8395 ||| FLEEEEING.
  8396 | D:8      | 8396 ||| FLEEEEING.
  8397 | D:8      | 8397 ||| FLEEEEING.
  8398 | D:8      | 8398 ||| FLEEEEING.
  8399 | D:8      | 8399 ||| FLEEEEING.
  8400 | D:8      | 8400 ||| FLEEEEING.
  8401 | D:8      | 8401 ||| FLEEEEING.
  8402 | D:8      | 8402 ||| FLEEEEING.
  8403 | D:8      | 8403 ||| FLEEEEING.
  8404 | D:8      | 8404 ||| FLEEEEING.
  8405 | D:8      | 8405 ||| FLEEEEING.
  8406 | D:8      | 8406 ||| FLEEEEING.
  8407 | D:8      | 8407 ||| FLEEEEING.
  8408 | D:8      | 8408 ||| FLEEEEING.
  8409 | D:8      | 8409 ||| FLEEEEING.
  8410 | D:8      | 8410 ||| FLEEEEING.
  8411 | D:8      | 8411 ||| FLEEEEING.
  8412 | D:8      | 8412 ||| FLEEEEING.
  8413 | D:8      | 8413 ||| FLEEEEING.
  8414 | D:8      | 8414 ||| FLEEEEING.
  8415 | D:8      | 8415 ||| FLEEEEING.
  8416 | D:8      | 8416 ||| FLEEEEING.
  8417 | D:8      | 8417 ||| FLEEEEING.
  8418 | D:8      | 8418 ||| FLEEEEING.
  8419 | D:8      | 8419 ||| FLEEEEING.
  8420 | D:8      | 8420 ||| FLEEEEING.
  8421 | D:8      | 8421 ||| FLEEEEING.
  8422 | D:8      | 8422 ||| FLEEEEING.
  8423 | D:8      | 8423 ||| FLEEEEING.
  8424 | D:8      | 8424 ||| STAIRDANCE
  8425 | D:7      | Found a stormy altar of Qazlal.
  8425 | D:7      | Found an opulent altar of Gozag.
  8555 | D:7      | 8555 ||| READING scroll labelled BIERHA VATTUGI.
  8556 | D:7      | 8556 ||| DRINKING 3 yellow potions.
  8660 | D:7      | 8660 ||| DRINKING 2 grey potions.
  8661 | D:7      | 8661 ||| DRINKING 2 coppery potions.
  8662 | D:7      | 8662 ||| READING 2 scrolls of identify.
  8662 | D:7      | 8662 ||| IDENTIFYING fizzy cyan potion
  8663 | D:7      | 8663 ||| DROPPING 2 potions of berserk rage.
  8664 | D:7      | 8664 ||| DROPPING potion of attraction.
  8665 | D:7      | 8665 ||| DROPPING potion of brilliance.
  8680 | D:8      | HP: 17/88 [two-headed ogre/+0 giant club (7)]
  8681 | D:8      | 8681 ||| DRINKING potion of heal wounds.
  8684 | D:8      | Killed a two-headed ogre
  8685 | D:8      | Reached skill level 14 in Axes
  8685 | D:8      | 8685 ||| STAIRDANCE
  9056 | D:8      | 9056 ||| BUYING +2 vampiric war axe (270 gold).
  9056 | D:8      | Bought a +2 vampiric war axe for 270 gold pieces
  9056 | D:8      | 9056 ||| BUYING potion of haste (120 gold).
  9056 | D:8      | Bought a potion of haste for 120 gold pieces
  9056 | D:8      | 9056 ||| BUYING scroll of brand weapon (114 gold).
  9056 | D:8      | Bought a scroll of brand weapon for 114 gold pieces
  9056 | D:8      | 9056 ||| BUYING scroll of teleportation (36 gold).
  9056 | D:8      | Bought a scroll of teleportation for 36 gold pieces
  9056 | D:8      | 9056 ||| SWAPPING to +2 vampiric war axe.
  9057 | D:8      | 9057 ||| DROPPING +0 war axe.
  9062 | D:8      | 9062 ||| Stepping ~*~*~tactically~*~*~ (stealth).
  9075 | D:8      | 9075 ||| Stepping ~*~*~tactically~*~*~ (stealth).
  9085 | D:8      | 9085 ||| Stepping ~*~*~tactically~*~*~ (stealth).
  9141 | D:8      | 9141 ||| Stepping ~*~*~tactically~*~*~ (hiding).
  9153 | D:8      | Reached skill level 6 in Armour
  9316 | D:8      | 9316 ||| INVOKING Sacrifice Nimbleness.
  9316 | D:8      | Gained mutation: You cannot train Dodging skill. [Ru
                  | sacrifice]
  9316 | D:8      | Reached * piety under Ru
  9504 | D:9      | Reached skill level 15 in Axes
  9559 | D:9      | 9559 ||| Stepping ~*~*~tactically~*~*~ (stealth).
  9577 | D:9      | Reached skill level 9 in Fighting
  9583 | D:9      | 9583 ||| Stepping ~*~*~tactically~*~*~ (stealth).
  9605 | D:9      | 9605 ||| Stepping ~*~*~tactically~*~*~ (stealth).
  9666 | D:9      | 9666 ||| Stepping ~*~*~tactically~*~*~ (stealth).
  9740 | D:9      | Noticed a two-headed ogre
  9748 | D:9      | Killed a two-headed ogre
  9773 | D:9      | Reached skill level 16 in Axes
  9792 | D:9      | Reached XP level 11. HP: 97/97 MP: 10/10
  9801 | D:9      | Reached skill level 6 in Shields
  9813 | D:9      | 9813 ||| Stepping ~*~*~tactically~*~*~ (stealth).
  9934 | D:9      | Found a staircase to the Lair.
  9965 | D:9      | Found a bloodstained altar of Trog.
 10205 | D:9      | 10205 ||| DRINKING 2 glowing silvery potions.
 10205 | D:9      | Gained mutation: You are strong-willed. (Will+) [potion of
                  | mutation]
 10205 | D:9      | Gained mutation: You are somewhat resistant to further
                  | mutation. [potion of mutation]
 10262 | D:10     | Entered Level 10 of the Dungeon
 10269 | D:10     | 10269 ||| Stepping ~*~*~tactically~*~*~ (stealth).
 10381 | D:10     | Noticed a sun demon
 10400 | D:10     | Killed a sun demon
 10428 | D:10     | 10428 ||| FLEEEEING.
 10429 | D:10     | 10429 ||| FLEEEEING.
 10430 | D:10     | 10430 ||| FLEEEEING.
 10469 | D:10     | 10469 ||| FLEEEEING.
 10470 | D:10     | 10470 ||| FLEEEEING.
 10650 | D:10     | 10650 ||| Stepping ~*~*~tactically~*~*~ (hiding).
 10866 | D:10     | 10866 ||| Stepping ~*~*~tactically~*~*~ (hiding).
 10880 | D:10     | Reached skill level 17 in Axes
 10925 | D:10     | 10925 ||| Stepping ~*~*~tactically~*~*~ (stealth).
 10927 | D:10     | 10927 ||| Stepping ~*~*~tactically~*~*~ (hiding).
 10928 | D:10     | 10928 ||| Stepping ~*~*~tactically~*~*~ (hiding).
 10983 | D:10     | 10983 ||| Stepping ~*~*~tactically~*~*~ (stealth).
 11014 | D:10     | 11014 ||| Stepping ~*~*~tactically~*~*~ (stealth).
 11019 | D:10     | 11019 ||| FLEEEEING.
 11025 | D:10     | 11025 ||| FLEEEEING.
 11026 | D:10     | 11026 ||| FLEEEEING.
 11027 | D:10     | 11027 ||| FLEEEEING.
 11028 | D:10     | 11028 ||| FLEEEEING.
 11029 | D:10     | 11029 ||| FLEEEEING.
 11030 | D:10     | 11030 ||| FLEEEEING.
 11032 | D:10     | 11032 ||| FLEEEEING.
 11033 | D:10     | 11033 ||| FLEEEEING.
 11034 | D:10     | 11034 ||| FLEEEEING.
 11035 | D:10     | 11035 ||| FLEEEEING.
 11037 | D:10     | 11037 ||| FLEEEEING.
 11039 | D:10     | 11039 ||| FLEEEEING.
 11043 | D:10     | 11043 ||| FLEEEEING.
 11044 | D:10     | 11044 ||| FLEEEEING.
 11045 | D:10     | 11045 ||| FLEEEEING.
 11046 | D:10     | 11046 ||| FLEEEEING.
 11047 | D:10     | 11047 ||| FLEEEEING.
 11048 | D:10     | 11048 ||| FLEEEEING.
 11049 | D:10     | 11049 ||| FLEEEEING.
 11050 | D:10     | 11050 ||| FLEEEEING.
 11076 | D:10     | 11076 ||| FLEEEEING.
 11077 | D:10     | 11077 ||| FLEEEEING.
 11078 | D:10     | 11078 ||| Stepping ~*~*~tactically~*~*~ (hiding).
 11079 | D:10     | 11079 ||| FLEEEEING.
 11080 | D:10     | 11080 ||| FLEEEEING.
 11200 | D:10     | Noticed Snorg
 11215 | D:10     | HP: 13/99 [Snorg (14)]
 11215 | D:10     | Slain by Snorg

Levels and vault maps discovered:
D:1:      mrwooster_arrival_statue_2, layout_basic,
          shapermc_ecumenical_altar_pompeii, chequers_serial_rivers_micro_e
D:2:      layout_loops_corners, basic_altar
D:3:      layout_rooms
D:4:      layout_gridville, okawaru_trees_2, hangedman_abyss_or_decor_stabs,
          st_stairs_10, hangedman_decor_riveting
D:5:      layout_basic
D:6:      layout_loops_cross, elyvilon_altar_4, uniq_duvessa
D:7:      layout_rooms, nicolae_overflow_hidden_temple,
          minmay_temple_entry_steel_oval
D:8:      cheibrodos_statue_roulette, layout_basic, enter_bailey_2,
          serial_shops, shop_statue, shop, nicolae_shop_trees,
          kennysheep_pointless_box
D:9:      nicolae_cairo_tiling, layout_loops_ring, tgw_trog, lair_entry_dummy
D:10:     layout_basic, zombieorc2_lemuel, serial_demonic, serial_demonic_e,
          serial_demonic_e, serial_demonic_c, serial_demonic_a, uniq_snorg
Temple:   regret_index_temple_waves

Skill      XL: |  1  2  3  4  5  6  7  8  9 10 11 |
---------------+----------------------------------+-----
Axes           | 3 4 5 6 8 10 12 13 16 17 | 17.1
Dodging        | 2 3 0 |  0.0
Fighting       | 4 5 6 8 9 10 | 10.1
Armour         | 4 5 7 |  7.0
Shields        | 4 5 6 |  6.1
Throwing       | 1 2 |  2.4

Action                   |  1- 3 |  4- 6 |  7- 9 | 10-12 || total
-------------------------+-------+-------+-------+-------++-------
Melee: War axe           |    97 |   118 |   293 |   316 ||   824
       Headbutt          |    11 |    13 |    53 |    67 ||   144
Throw: Boomerang         |       |       |    21 |    47 ||    68
Invok: Sacrifice Nimblen |       |       |       |     1 ||     1
  Use: Scroll            |     3 |     6 |     9 |     2 ||    20
       Potion            |       |     1 |       |     5 ||     6
Armor: Scale mail        |    31 |    65 |    15 |       ||   111
       Chain mail        |       |       |   120 |   131 ||   251
Dodge: Dodged            |    31 |    45 |    89 |    69 ||   234
Block: Buckler           |    20 |    23 |    40 |    56 ||   139

Table legend:
 A = Non-vault XP
 B = Vault XP
 C = Vault XP percentage of total XP
 D = Non-vault monster count
 E = Vault monster count
 F = Vault count percentage of total count
                 A         B        C        D         E       F
            +---------+---------+-------+---------+---------+-------
      Total |   11039 |    4738 |  30.0 |     196 |      40 |  16.9
            +---------+---------+-------+---------+---------+-------
        D:1 |      48 |       0 |   0.0 |      27 |       0 |   0.0
        D:2 |      32 |       0 |   0.0 |      12 |       0 |   0.0
        D:3 |      76 |       0 |   0.0 |      13 |       0 |   0.0
        D:4 |     291 |      84 |  22.4 |      18 |       3 |  14.3
        D:5 |    1016 |       0 |   0.0 |      21 |       0 |   0.0
        D:6 |     757 |     214 |  22.0 |      17 |       2 |  10.5
        D:7 |    1085 |       0 |   0.0 |      17 |       0 |   0.0
        D:8 |    1994 |    1688 |  45.8 |      28 |       4 |  12.5
        D:9 |    4849 |       9 |   0.2 |      31 |       5 |  13.9
       D:10 |     891 |    2743 |  75.5 |      12 |      26 |  68.4
            +---------+---------+-------+---------+---------+-------
